AoeStats
← R.A.G.

Yucatan

510336158Analyzed
2v2 RM · 1d ago on Sep 30, 2026· 20m 0s· 4 players
Game mode
Random Map
Map size
Medium (4 player)
Population
200
Speed
Normal
Resources
Standard
Victory
Conquest
Starting age
Dark Age
Ending age
Imperial Age
RankedLock teamsTeams togetherTeam positionsShared explorationLock speedFull tech treeHidden civsTurbo modeCheats
Victory
Defeat
🇸🇪 Franks · Sweden
1097
+16
🇬🇧 Danes · United Kingdom
1090
+17
🇺🇸 Saxons · United States
1129
-17
🇦🇹 Turks · Austria
1085
-16
Sayri89
10:36 Feudal Age
15:34 Castle Age
13:22 Horse Collar
14:32 Gold Mining
14:33 Double-Bit Axe
15:13 Fletching
17:33 Bodkin Arrow
17:53 Bow Saw
zarett
13:44 Feudal Age
17:54 Castle Age
16:15 Double-Bit Axe
Eazzyl
5:20 Loom
11:02 Feudal Age
15:53 Scale Barding Armor
15:46 Double-Bit Axe
16:42 Forging
R.A.G.
6:38 Loom
10:28 Feudal Age
11:05 Horse Collar
11:10 Double-Bit Axe
16:47 Castle Age
15:14 Arson
15:53 Stone Mining
Connection lost

Rejoining the realm…

Still unreachable

The connection could not be restored.

Session expired

The server has moved on; the page needs a fresh start.